Get step-by-step instructions on how to execute this build order below. Start the game timer, and the build order will tick by so you can play in parallel with StarCraft on a second screen or mobile device.

Game Time

  0:00

Last Step

  N/A

Next Step

Upcoming Step



Don't want to look back and forth between 2 screens? Try out our Overwolf App, the Spawning Tool Build Advisor to get an in-game overlay with this build!

Complete Build Order

  12  0:00  SCV  
  13  0:13  SCV  
  14  0:19  Supply Depot  
  14  0:25  SCV  
  15  0:40  SCV  
  16  0:42  Barracks  
  16  0:53  SCV  
  17  1:05  SCV  
  18  1:16  Supply Depot  
  18  1:17  SCV  
  19  1:21  Refinery  
  19  1:29  Marine, SCV  
  21  1:41  SCV  
  21  1:47  Marine  
  22  1:49  Refinery  
  22  1:53  SCV  
  24  2:04  Marine  
  24  2:05  SCV  
  26  2:17  SCV  
  26  2:21  Factory  
  26  2:22  Marine  
  27  2:29  SCV  
  29  2:40  Marine, Factory  
  29  2:41  Supply Depot, SCV  
  31  2:54  Orbital Command  
  31  3:02  Marine  
  31  3:04  Factory Tech Lab  
  32  3:20  Marine, SCV  
  32  3:24  Command Center, Factory Tech Lab  
  34  3:32  SCV  
  35  3:44  SCV  
  36  3:51  Barracks  
  36  3:56  SCV  
  37  4:04  Supply Depot  
  37  4:08  SCV  
  38  4:20  SCV  
  39  4:25  Siege Tank x2  
  39  4:27  Supply Depot  
  45  4:32  SCV  
  45  4:33  Starport, Barracks Tech Lab  
  45  4:36  SCV  
  47  4:39  Barracks Tech Lab  
  47  4:44  SCV  
  48  4:49  Orbital Command  
  48  4:51  Marine  
  49  4:53  Stimpack  
  49  4:58  Hellion  
  49  4:59  Hellion  
  55  5:07  Marauder  
  55  5:11  Marauder, Medivac  
  59  5:15  Supply Depot  
  59  5:19  Hellion  
  59  5:20  Siege Tank  
  64  5:23  Command Center  
  64  5:40  Hellion  
  66  5:44  Marauder  
  66  5:49  Marauder  
  70  5:52  Supply Depot, Siege Tank  
  73  6:06  Marauder  
  73  6:10  Marauder  
  77  6:12  Engineering Bay  
  77  6:16  Supply Depot  
  77  6:27  Marauder  
  77  6:32  Marauder  
  81  6:36  SCV  
  81  6:37  SCV  
  81  6:39  SCV  
  84  6:41  Terran Infantry Weapons Level 1  
  84  6:43  Refinery  
  84  6:48  SCV  
  84  6:49  Marauder, SCV  
  84  6:51  SCV  
  84  6:53  Marauder  
  91  6:57  Refinery  
  91  7:01  SCV  
  92  7:03  Supply Depot  
  92  7:06  SCV  
  93  7:10  Marauder  
  93  7:11  Ghost Academy  
  93  7:15  Marauder  
  97  7:20  SCV  
  98  7:26  Supply Depot  
  98  7:27  Concussive Shells  
  98  7:31  Marauder  
  98  7:36  Marauder  
  102  7:42  Engineering Bay  
  102  7:52  Ghost  
  102  7:57  Marauder  
  106  7:59  Supply Depot  
  106  8:18  Ghost  
  106  8:19  Terran Infantry Armor Level 1  
  108  8:20  Ghost  
  108  8:21  Command Center  
  108  8:26  Supply Depot  
  110  8:40  Hellion  
  110  8:41  Hellion  
  106  8:47  Marauder  
  93  8:49  Ghost  
  78  9:02  Hellion, Siege Tank  
  83  9:09  Marauder  
  85  9:18  Marine  
  85  9:23  Hellion  
  88  9:29  Ghost  
  86  9:34  Hellion  
  86  9:35  SCV  
  86  9:36  Marauder, SCV  
  72  9:39  SCV  
  72  9:41  SCV  
  72  9:44  Siege Tank  
  65  9:45  Refinery  
  65  9:47  SCV  
  65  9:48  SCV  
  65  9:51  SCV  
  65  9:54  SCV  
  65  9:55  Siege Tank  
  65  9:57  Marauder  
  65  9:58  Ghost  
  65  9:59  SCV  
  71  10:00  SCV  
  71  10:03  SCV  
  71  10:07  SCV  
  65  10:11  SCV  
  63  10:16  SCV, Siege Tank  
  63  10:18  Marine  
  63  10:19  SCV  
  62  10:27  Marauder  
  62  10:28  Hellion  
  53  10:37  Marauder  
  47  10:48  Marine  
  42  11:38  SCV  
  43  11:40  Command Center  
  43  11:45  Marine  
  44  11:48  Marine  
  45  11:57  SCV  
  45  12:00  SCV  
  30  12:03  Marine, SCV  
  30  12:07  Marine  
  17  12:21  Marine